 Dungeon Crawl Stone Soup version 0.25-a0-161-gb7fd73d (webtiles) character file.

Game seed: 7756135347826622712, levelgen mode: deterministic

2424 Blackhawk the Skirmisher (level 9, -2/71 HPs)
             Began as a Demonspawn Gladiator on Nov 21, 2019.
             Was a Follower of Okawaru.
             Slain by a hog (7 damage)
             ... on level 7 of the Dungeon.
             The game lasted 00:12:19 (7684 turns).

Blackhawk the Skirmisher (Demonspawn Gladiator)     Turns: 7684, Time: 00:12:20

Health: -2/71      AC: 14    Str: 17    XL:     9   Next: 24%
Magic:  9/9        EV:  9    Int: 11    God:    Okawaru [*.....]
Gold:   62         SH:  0    Dex: 14    Spells: 8/8 levels left

rFire    . . .     SeeInvis .   b - +3 scythe (venom)
rCold    + . .     Gourm    .   (shield currently unavailable)
rNeg     . . .     Faith    .   l - +0 chain mail
rPois    .         Spirit   .   s - +1 helmet
rElec    .         Reflect  .   h - +0 cloak (curse)
rCorr    .         Harm     .   v - +0 pair of gloves
MR       +....                  (no boots)
Stlth    ..........             (no amulet)
HPRegen  0.21/turn              g - ring of protection from magic
MPRegen  0.11/turn              (no ring)

@: very slightly contaminated
A: claws 1, thin metallic scales 1, cold resistance 1, rot immunity
a: Heroism, Renounce Religion


You were on level 7 of the Dungeon.
You worshipped Okawaru.
Okawaru was aware of your devotion.
You were not hungry.

You visited 1 branch of the dungeon, and saw 7 of its levels.
You also visited: Sewer and Ossuary.

You collected 295 gold pieces.
You spent 233 gold pieces at shops.

Inventory:

Hand Weapons
 a - a +0 war axe
 b - a +3 scythe of venom (weapon)
 e - a +3 flail
Missiles
 d - 3 throwing nets (quivered)
Armour
 c - a +0 helmet
 h - a cursed +0 cloak (worn)
 l - a +0 chain mail (worn)
 o - a +0 leather armour
 s - a +1 helmet (worn)
 v - a +0 pair of gloves (worn)
Jewellery
 g - a ring of protection from magic (left hand)
 i - a +6 ring of protection {unknown}
 q - an uncursed ring of fire
 y - a +4 ring of dexterity {unknown}
Wands
 F - a wand of enslavement (7)
 G - a wand of polymorph (11)
Scrolls
 m - 2 scrolls of enchant armour {unknown}
 n - 2 scrolls of enchant weapon {unknown}
 r - 5 scrolls of teleportation {unknown}
 t - 3 scrolls of magic mapping {unknown}
 u - 4 scrolls of remove curse
 w - 9 scrolls of identify
 z - 2 scrolls of fog
 C - 2 scrolls of noise {unknown}
 D - 2 scrolls of immolation {unknown}
 H - a scroll of fear
 I - 2 scrolls of blinking
 N - a scroll of acquirement {unknown}
Potions
 j - 2 potions of berserk rage
 k - 5 potions of flight {unknown}
 p - 4 potions of heal wounds {unknown}
 x - 7 potions of agility {unknown}
 A - 2 potions of curing
 B - 3 potions of brilliance {unknown}
 E - a potion of lignification {unknown}
 J - a potion of might {unknown}
 K - a potion of magic {unknown}
 L - 2 potions of haste
 M - a potion of resistance {unknown}
Comestibles
 f - 10 rations
 O - 5 chunks of flesh


   Skills:
 + Level 6.5 Fighting
 + Level 6.3 Axes
 + Level 5.9 Throwing
 + Level 6.3 Dodging


You had 8 spell levels left.
You didn't know any spells.
Your spell library was empty.

Dungeon Overview and Level Annotations

Branches:
Dungeon (7/15)             Temple (0/1) D:6           Sewer (visited)
Ossuary (visited)

Altars:
Ashenzari
Dithmenos
Okawaru
Trog
Vehumet
Wu Jian

Shops:
D:5 ?

Annotations:
D:3 2 transporters
D:6 2 transporters, subdon's ghost, novice MiFi


Innate Abilities, Weirdness & Mutations

You have sharp fingernails.
You are partially covered in thin metallic scales. (AC +2)
Your flesh is cold resistant. (rC+)
You are immune to rotting.


Message History

The jelly closely misses you. The hog bites you.
* * * LOW HITPOINT WARNING * * *
The jelly hits you but does no damage.
Okay, then.
Unknown command.
Unknown command.
The hog barely misses you.
Blink to where?
Press: ? - help, Dir - move target cursor You are very lightly contaminated with residual magic.
As you read the scroll of blinking, it crumbles to dust.
You are no longer corroded.
The hog bites you but does no damage.
You hear a slurping noise.
The jelly eats the door!
The hog bites you but does no damage. The hog barely misses you.
The hog bites you.
* * * LOW HITPOINT WARNING * * *
The hog bites you!
You die...

..##.................+.....##.#
####.................#.....#
..##............######.....#
.#############+##..........# ..#
.....................# #.#
............<........# ..#
.....................+ .##
.....................# ..#
..........@########### ###
#......hh# ..# #........# .##
#.......h# .#
#........######.######+##
#########...........hJ..........†
.............................####
##...........................#...
#...........................#...


You could see 3 hogs.

Vanquished Creatures
  Sigmund (D:3)
  Eustachio (D:3)
  A human (D:7)
  A hog (D:7)
  Duvessa (D:4)
  2 ogres (D:5)
  Blork the orc (D:5)
  3 bullfrogs
  Dowan (D:4)
  A wyvern skeleton (D:7)
  6 water moccasin zombies (Ossuary)
  3 scorpions
  2 howler monkeys
  A hound (D:4)
  A jelly (D:5)
  An orc wizard (D:4)
  Crazy Yiuf (D:3)
  Ijyb (D:4)
  An iguana (D:6)
  2 worker ants
  A big kobold zombie (Ossuary)
  2 mummies (Ossuary)
  Robin (D:3)
  11 adders
  3 gnolls (D:2)
  3 river rats (Sewer)
  2 shadow imps
  2 oozes
  7 adder zombies (Ossuary)
  2 adder skeletons (D:4)
  3 worms
  A dart slug (D:1)
  2 leopard geckos
  12 orcs
  5 ball pythons
  5 giant cockroaches
  14 hobgoblins
  14 jackals
  25 kobolds
  A quokka (D:2)
  6 bats
  4 frilled lizards
  2 gnoll zombies (Ossuary)
  13 goblins
  3 hobgoblin zombies (Ossuary)
  4 kobold zombies (Ossuary)
  5 orc zombies (Ossuary)
  A quokka zombie (D:6)
  27 rats
213 creatures vanquished.

Notes
Turn   | Place    | Note
-------+----------+-------------------------------------------
     0 | D:1      | Blackhawk the Demonspawn Gladiator began the quest for the
                  | Orb.
     0 | D:1      | Reached XP level 1. HP: 16/16 MP: 1/1
   199 | D:1      | Gained mutation: You are immune to rotting. [demonic
                  | ancestry]
   199 | D:1      | Reached XP level 2. HP: 11/22 MP: 2/2
   819 | D:1      | Reached XP level 3. HP: 28/28 MP: 3/3
  1464 | D:2      | Reached XP level 4. HP: 34/34 MP: 4/4
  1908 | D:3      | Gained mutation: Your flesh is cold resistant. (rC+)
                  | [demonic ancestry]
  1908 | D:3      | Reached XP level 5. HP: 28/41 MP: 5/5
  1924 | D:3      | Noticed Robin
  1935 | D:3      | Killed Robin
  2209 | D:3      | Found a transporter.
  2241 | D:3      | Found a transporter.
  2562 | D:3      | Noticed Sigmund
  2573 | D:3      | Killed Sigmund
  2573 | D:3      | Reached XP level 6. HP: 48/48 MP: 6/6
  2811 | D:3      | Found a runed translucent door.
  2812 | D:3      | Noticed Crazy Yiuf
  2821 | D:3      | Killed Crazy Yiuf
  2983 | D:4      | Found a shattered altar of Ashenzari.
  3002 | D:4      | Found a glowing drain.
  3425 | Sewer    | Entered a sewer
  3745 | Sewer    | Gained mutation: You are partially covered in thin metallic
                  | scales. (AC +2) [demonic ancestry]
  3745 | Sewer    | Reached XP level 7. HP: 51/54 MP: 7/7
  4292 | D:4      | Noticed Eustachio
  4311 | D:4      | Noticed Duvessa
  4452 | D:3      | Killed Eustachio
  4857 | D:4      | Noticed Dowan
  4873 | D:4      | Killed Duvessa
  4873 | D:4      | Reached skill level 5 in Dodging
  4972 | D:4      | Killed Dowan
  4972 | D:4      | Reached skill level 5 in Axes
  4972 | D:4      | Reached XP level 8. HP: 52/61 MP: 8/8
  5034 | D:4      | Reached skill level 5 in Fighting
  5097 | D:4      | Found a bloodstained altar of Trog.
  5140 | D:4      | Found an iron altar of Okawaru.
  5200 | D:4      | Became a worshipper of Warmaster Okawaru
  5325 | D:4      | Noticed Ijyb
  5331 | D:4      | Killed Ijyb
  5475 | D:5      | Entered Level 5 of the Dungeon
  5499 | D:5      | Found an ornate altar of the Wu Jian Council.
  5640 | D:5      | Noticed Blork the orc
  5648 | D:5      | Killed Blork the orc
  6107 | D:5      | Reached skill level 5 in Throwing
  6331 | D:5      | Found a shadowy altar of Dithmenos.
  6362 | D:5      | Found Rosodet's Magic Scroll Shoppe.
  6365 | D:5      | Bought a scroll of identify for 26 gold pieces
  6365 | D:5      | Bought a scroll of fear for 45 gold pieces
  6365 | D:5      | Bought a scroll of blinking for 97 gold pieces
  6365 | D:5      | Bought a scroll of remove curse for 39 gold pieces
  6365 | D:5      | Bought a scroll of fog for 26 gold pieces
  6444 | D:6      | Found a radiant altar of Vehumet.
  6521 | D:6      | Found a staircase to the Ecumenical Temple.
  6611 | D:6      | Found a transporter.
  6614 | D:6      | Found a transporter.
  6614 | D:6      | Noticed subdon's ghost (novice MiFi)
  6790 | D:7      | Reached * piety under Okawaru
  6953 | D:7      | Found a sand-covered staircase.
  6989 | Ossuary  | Entered an ossuary
  7269 | Ossuary  | Gained mutation: You have sharp fingernails. [demonic
                  | ancestry]
  7269 | Ossuary  | Reached XP level 9. HP: 61/69 MP: 9/9
  7658 | D:7      | HP: 2/71 [hog (5)]
  7684 | D:7      | Slain by a hog

Levels and vault maps discovered:
D:1:      eino_arrival_druids_welcome, layout_basic, minmay_unequal
D:2:      layout_rooms, first_ration
D:3:      gammafunk_wand_slinger, layout_basic, uniq_crazy_yiuf_cottage,
          uniq_sigmund, uniq_robin
D:4:      layout_rooms, nicolae_overflow_crystal_walls,
          okawaru_metal_pillars_1_2, cheibrodos_sewer_entry_sluice,
          trog_three_pillars_becter, uniq_ijyb, uniq_eustachio, uniq_duvessa
D:5:      layout_gridville, overflow_temple_1_default, serial_shops,
          kennysheep_mini_moat, minmay_misc_feat_four_crosses,
          grunt_dithmenos_shadows, uniq_blork_the_orc
D:6:      layout_basic, overflow_temple_1_default, minmay_temple_entry_arrows,
          gammafunk_ghost_arena
D:7:      layout_gridville, nicolae_ossuary_entry_plus, minmay_misc_feat_alley,
          grunt_livestock

Skill      XL: |  1  2  3  4  5  6  7  8 |
---------------+-------------------------+-----
Throwing       | 2 3 4 5 |  5.9
Dodging        | 3 4 5 6 |  6.3
Axes           | 3 4 5 6 |  6.3
Fighting       | 3 4 6 |  6.5

Action                   |  1- 3 |  4- 6 |  7- 9 || total
-------------------------+-------+-------+-------++-------
Melee: War axe           |   114 |    28 |       ||   142
       Flail             |       |    66 |   140 ||   206
       Scythe            |       |    78 |   218 ||   296
  Use: Potion            |       |     2 |       ||     2
       Scroll            |       |       |     1 ||     1
  Eat: Chunk             |     2 |     8 |     7 ||    17
       Ration            |       |       |     2 ||     2
Armor: Leather armour    |    25 |       |       ||    25
       Chain mail        |    71 |   180 |   354 ||   605
Dodge: Dodged            |    90 |   126 |   272 ||   488

Table legend:
 A = Non-vault XP
 B = Vault XP
 C = Vault XP percentage of total XP
 D = Non-vault monster count
 E = Vault monster count
 F = Vault count percentage of total count
                 A         B        C        D         E       F
            +---------+---------+-------+---------+---------+-------
      Total |    1458 |    2005 |  57.9 |     107 |     106 |  49.8
            +---------+---------+-------+---------+---------+-------
        D:1 |      48 |       7 |  12.7 |      27 |       4 |  12.9
        D:2 |     109 |       0 |   0.0 |      32 |       0 |   0.0
        D:3 |     195 |     507 |  72.2 |      13 |      15 |  53.6
        D:4 |     237 |     268 |  53.1 |      15 |       5 |  25.0
        D:5 |     425 |     102 |  19.4 |       8 |       2 |  20.0
        D:6 |     155 |       0 |   0.0 |       6 |       0 |   0.0
        D:7 |     289 |     377 |  56.6 |       6 |       2 |  25.0
      Sewer |       0 |     157 | 100.0 |       0 |      48 | 100.0
    Ossuary |       0 |     587 | 100.0 |       0 |      30 | 100.0
            +---------+---------+-------+---------+---------+-------
